 Dungeon Crawl Stone Soup version 0.31.0-32-g396128a36d (webtiles) character file.

Game seed: 14407018631937221986

5371 monsoonserge the Grappler (level 10, -2/63 HPs)
             Began as an Octopode Artificer on Apr 5, 2024.
             Was an Initiate of Gozag.
             Slain by a hornet (10 damage)
             ... while paralysed by a hornet
             ... on level 8 of the Dungeon.
             The game lasted 00:39:21 (9370 turns).

monsoonserge the Grappler (Octopode Artificer)      Turns: 9370, Time: 00:39:22

Health: -2/63      AC:  1    Str: 15    XL:     10   Next: 66%
Magic:  20/20      EV:  2    Int: 14    God:    Gozag
Gold:   468        SH:  0    Dex: 13    Spells: 7/11 levels left

rFire   + +          .
                       - Unarmed
rCold   + . .        (no shield)
rNeg    . . .        (helmet restricted)
rPois   .            v - amulet of magic regeneration
rElec   .            a - ring of protection from fire
rCorr   .            e - ring of protection from cold
SInv    .            x - ring of magical power
Will    .....        H - ring of protection from fire
Stlth   ++++         (no ring)
HPRegen 0.30/turn    (no ring)
MPRegen 0.57/turn    (no ring)
                     (no ring)

%: no passive effects
@: paralysed, lethally poisoned (-2 -> -10), gold aura, on blink cooldown,
slowed
A: almost no armour, amphibious, 8 rings, camouflage 1, gelatinous body 1,
(nimble swimmer 1), tentacles
a: Renounce Religion, Potion Petition, Call Merchant, Bribe Branch


You were on level 8 of the Dungeon.
You worshipped Gozag.
Gozag was aware of your devotion.
You visited 2 branches of the dungeon, and saw 9 of its levels.
You also visited: Ossuary.

You collected 658 gold pieces.
You spent 48 gold pieces at shops.
You paid 142 gold pieces to Gozag.

Inventory:

Missiles
 q - 10 boomerangs
 G - 47 poisoned darts (quivered)
 I - a curare-tipped dart
Magical Staves
 n - a staff of alchemy
 w - a staff of fire
Jewellery
 a - a ring of protection from fire (left tentacle)
 e - a ring of protection from cold (right tentacle)
 v - an amulet of magic regeneration (around mantle)
 x - a ring of magical power (on tentacle)
 A - an amulet of faith
 H - a ring of protection from fire (on tentacle)
 L - an amulet of the acrobat
Wands
 b - a wand of flame (14)
 c - a wand of charming (15)
 d - a wand of iceblast (3)
 B - a wand of mindburst (29)
 E - a wand of digging (3)
 J - a wand of polymorph (11)
Scrolls
 g - 3 scrolls of immolation
 i - 4 scrolls of fear
 j - 2 scrolls of fog
 k - 3 scrolls of enchant weapon {unknown}
 r - 3 scrolls of torment {unknown}
 y - a scroll of enchant armour
 C - a scroll of silence {unknown}
 D - 3 scrolls of blinking {unknown}
 F - 2 scrolls of teleportation {unknown}
 K - a scroll of poison {unknown}
Potions
 h - 2 potions of might {unknown}
 l - a potion of magic {unknown}
 m - 7 potions of lignification {unknown}
 o - 6 potions of curing
 p - a potion of enlightenment {unknown}
 s - 3 potions of brilliance
 t - 2 potions of attraction
 z - a potion of invisibility {unknown}
Miscellaneous
 u - a sack of spiders


   Skills:
 + Level 3.1 Fighting
 + Level 3.7 Throwing
 + Level 4.6 Dodging
 + Level 5.0 Stealth
 + Level 12.6 Unarmed Combat
 - Level 1.0 Spellcasting
 - Level 3.0 Translocations
 + Level 5.0 Evocations


You had 7 spell levels left.
You knew the following spells:

 Your Spells              Type           Power      Damage    Failure   Level
a - Blink                 Tloc           18%        N/A       12%         2
b - Lesser Beckoning      Tloc           18%        N/A       12%         2

Your spell library contained the following spells:

 Spells                   Type           Power      Damage    Failure   Level
 Apportation              Tloc           18%        N/A       8%          1
 Momentum Strike          Conj/Tloc      8%         3d8       22%         2
 Magic Dart               Conj           0%         1d3       26%         1
 Necrotise                Necr           0%         1d4       26%         1
 Sandblast                Erth           0%         2d4       26%         1
 Slow                     Hex            0%         N/A       26%         1
 Sting                    Conj/Alch      0%         1d3       26%         1
 Summon Small Mammal      Summ           0%         N/A       26%         1
 Call Imp                 Summ           0%         N/A       36%         2
 Sublimation of Blood     Necr           0%         N/A       36%         2
 Confusing Touch          Hex            0%         N/A       61%         3
 Passwall                 Erth           0%         N/A       61%         3
 Sigil of Binding         Hex            0%         N/A       61%         3
 Stone Arrow              Conj/Erth      0%         3d7       61%         3
 Vampiric Draining        Necr           0%         2d6       61%         3
 Brom's Barrelling Bould  Conj/Erth      0%         2d3       95%         4
 Cause Fear               Hex            0%         N/A       95%         4
 Petrify                  Alch/Erth      0%         N/A       95%         4
 Fireball                 Conj/Fire      0%         3d3       100%        5
 Irradiate                Conj/Alch      0%         3d11      100%        5
 Dragon's Call            Summ           0%         N/A       100%        9


Dungeon Overview and Level Annotations

Branches:
Dungeon (8/15)             Temple (1/1) D:7         Ossuary (visited)
   Lair: D:8-11

Altars:
Ashenzari
Cheibriados
Dithmenos
Elyvilon
Fedhas
Gozag
Kikubaaqudgha
Makhleb
Okawaru
Qazlal
Ru
Sif Muna
Trog
Uskayaw
Vehumet
Wu Jian
Xom
The Shining One

Shops:
D:2 *   D:7 *

Annotations:
D:3 1 runed translucent door, Curundu's ghost, novice MiBe


Innate Abilities, Weirdness & Mutations

You cannot wear most types of armour.
You are amphibious.
You can wear up to eight rings at the same time.
Your skin changes colour to match your surroundings (Stealth+).
Your rubbery body absorbs attacks. (AC +1, EV +1)
((You are camouflaged when in or above water. (Stealth+)))
You have tentacles for arms and can constrict up to eight enemies at once.


Message History

You blink.
You tentacle-slap the wyvern but do no damage.
You squeeze the wyvern.
The wyvern is severely wounded.
The wyvern barely misses you.
Your magical contamination has completely faded away.
You bludgeon the wyvern!
You kill the wyvern!
You feel ready to blink again.
Your Stealth skill increases to level 5!
Your Evocations skill increases to level 5!
Casting: Blink (safe; 12% risk of failure)
Confirm with . or Enter, or press ? or * to list all spells.
You blink.
Unknown command.
Aiming: Mindburst
Press: ? - help, Shift-Dir - straight line, f - hornet
Aim: a hornet (chance to affect: 75%)
Okay, then.
Aiming: Mindburst
Press: ? - help, Shift-Dir - straight line, f - hornet
Aim: a hornet (chance to affect: 75%)
The hornet struggles to resist.
You are no longer corroded.
The hornet stings you!
* * * LOW HITPOINT WARNING * * *
You are lethally poisoned!
You feel yourself slow down.
Press: ? - help, v - describe, . - travel
Here: a hornet The floor.
Okay, then.
You feel much better.
You feel yourself speed up.
You feel very sick. The hornet stings you.
You feel yourself slow down. The hornet stings you!
* * * LOW HITPOINT WARNING * * *
You suddenly lose the ability to move!
The hornet stings you!
You die...
Your body crumbles into a pile of gold.

#......#(.##<.....# ###.####
######........)...###.......
###..##..........#.###.
#..##......###...# #.
##..##.##.#.# ###.# #.
#...##.##.#.# #.# #.
#..###.##.#.#####.# #.
#...##............# #.
####..#.@....#.####### #.
#....###y#####.#########.
#.#.## ##.####.#.........
##..## ##$........######
##....#####.######...#
#.........k#### ##.##
#.............# #.#
#.....#...###k# #.#
##...###.## #.# #.#


You could see a hornet.

Vanquished Creatures
  Pikel (D:7)
  A komodo dragon (D:7)
  Prince Ribbit (D:7)
  2 wyverns (D:8)
  2 steam dragons
  Menkaure (D:7)
  An acid dragon (D:8)
  A water moccasin (D:8)
  An orc warrior (D:7)
  2 sky beasts (D:7)
  A black bear (D:5)
  2 ice beasts
  An ogre (D:6)
  A crocodile (D:7)
  A centaur (D:6)
  2 phantoms
  2 lemures (D:7)
  5 elf zombies (Ossuary)
  The ghost of middlethird the Chiller, an amateur VSIE (D:4)
  9 kobold brigands
  A bullfrog (D:6)
  A gnoll sergeant (D:8)
  2 scorpions
  3 wights (D:7)
  2 centaur zombies (Ossuary)
  2 hounds (D:5)
  2 jellies
  A bombardier beetle (D:6)
  6 orc priests
  A human zombie (Ossuary)
  6 orc wizards
  4 iguanas
  6 hound zombies (Ossuary)
  3 mummies
  3 gnolls
  7 adders
  A shadow imp (D:5)
  A white imp (D:6)
  2 adder zombies (Ossuary)
  A dart slug (D:1)
  3 ribbon worms
  21 orcs
  9 endoplasms
  5 giant cockroaches
  5 goblins
  9 hobgoblins
  4 quokkas
  3 ball pythons
  5 bats
  7 frilled lizards
  A hobgoblin zombie (D:6)
  9 jackal zombies (Ossuary)
  15 kobolds
  9 kobold zombies
  4 orc zombies (Ossuary)
  4 rats
206 creatures vanquished.

Vanquished Creatures (collateral kills)
  A black bear (D:4)
  2 scorpions
3 creatures vanquished.

Grand Total: 209 creatures vanquished

Notes
Turn   | Place    | Note
-------+----------+-------------------------------------------
     0 | D:1      | monsoonserge the Octopode Artificer began the quest for the
                  | Orb.
     0 | D:1      | Reached XP level 1. HP: 13/13 MP: 1/1
   158 | D:1      | Reached XP level 2. HP: 18/18 MP: 2/2
   435 | D:1      | Reached skill level 1 in Unarmed Combat
   897 | D:2      | Found Uwed Kui's General Store.
   902 | D:2      | Reached XP level 3. HP: 23/23 MP: 3/3
  1429 | D:3      | Found an ornate altar of the Wu Jian Council.
  1567 | D:3      | Found an iron altar of Okawaru.
  1826 | D:3      | Reached skill level 2 in Unarmed Combat
  1894 | D:3      | Reached XP level 4. HP: 9/28 MP: 4/4
  2159 | D:3      | Found a runed translucent door.
  2161 | D:3      | Noticed Curundu's ghost (novice MiBe)
  2316 | D:4      | Noticed a scorpion
  2481 | D:4      | Found a runed translucent door.
  2482 | D:4      | Noticed middlethird's ghost (amateur VSIE)
  2505 | D:4      | Noticed a phantom
  2758 | D:4      | Learned a level 2 spell: Blink
  2777 | D:4      | Found a blossoming altar of Fedhas.
  2802 | D:4      | Found a runed translucent door.
  2893 | D:4      | Reached skill level 3 in Unarmed Combat
  2970 | D:4      | Noticed a black bear
  2979 | D:4      | Killed a black bear
  2980 | D:4      | Reached XP level 5. HP: 33/33 MP: 6/6
  3005 | D:4      | Reached skill level 4 in Unarmed Combat
  3005 | D:4      | Reached skill level 1 in Spellcasting
  3005 | D:4      | Reached skill level 1 in Translocations
  3005 | D:4      | Reached XP level 6. HP: 38/38 MP: 7/7
  3056 | D:5      | Entered Level 5 of the Dungeon
  3208 | D:5      | Reached skill level 5 in Unarmed Combat
  3259 | D:5      | Found a sacrificial altar of Ru.
  3619 | D:5      | Noticed a black bear
  3628 | D:5      | Reached XP level 7. HP: 24/43 MP: 8/8
  3629 | D:5      | Reached skill level 6 in Unarmed Combat
  3964 | D:6      | Reached skill level 7 in Unarmed Combat
  4130 | D:6      | Reached XP level 8. HP: 40/48 MP: 9/9
  4253 | D:6      | Found a sand-covered staircase.
  4259 | Ossuary  | Entered an ossuary
  4425 | Ossuary  | Reached skill level 8 in Unarmed Combat
  4509 | Ossuary  | HP: 1/48 [elf zombie (8)]
  4813 | Ossuary  | Reached skill level 9 in Unarmed Combat
  4934 | D:5      | HP: 1/48 [something/magic dart (7)]
  4942 | D:5      | HP: 2/48 [something (3)]
  5398 | D:4      | Killed middlethird's ghost
  5399 | D:4      | Reached skill level 1 in Throwing
  5399 | D:4      | Reached XP level 9. HP: 53/53 MP: 10/10
  5513 | D:5      | Reached skill level 10 in Unarmed Combat
  5557 | D:5      | Learned a level 2 spell: Lesser Beckoning
  6180 | D:6      | Found the +7 Throatcutter {drain, coup de grace}
  6204 | D:6      | Reached skill level 11 in Unarmed Combat
  6693 | D:7      | Found Zixkibb's Assorted Antiques.
  6851 | D:7      | Bought a scroll labelled GOYCUNYNLE for 24 gold pieces
  6851 | D:7      | Bought a scroll labelled JIRCHE COIRIBA for 24 gold pieces
  6853 | D:7      | Found an ancient bone altar of Kikubaaqudgha.
  6871 | D:7      | Noticed Menkaure
  6879 | D:7      | Killed Menkaure
  7422 | D:7      | Reached XP level 10. HP: 60/60 MP: 11/11
  7630 | D:7      | Found a shadowy altar of Dithmenos.
  7639 | D:7      | Found a staircase to the Ecumenical Temple.
  7648 | Temple   | Entered the Ecumenical Temple
  7657 | Temple   | Became a worshipper of Gozag Ym Sagoz the Greedy
  7685 | D:7      | Noticed Pikel
  7739 | D:7      | Killed Pikel
  7740 | D:7      | Reached skill level 12 in Unarmed Combat
  7976 | D:7      | Noticed Prince Ribbit
  7985 | D:7      | Killed Prince Ribbit
  8804 | D:8      | Noticed a death yak
  8804 | D:8      | Noticed a death yak
  9368 | D:8      | Reached skill level 5 in Stealth
  9368 | D:8      | Reached skill level 5 in Evocations
  9370 | D:8      | Paralysed by a hornet for 1 turns
  9370 | D:8      | Slain by a hornet

Illustrated notes

Levels and vault maps discovered:
D:1:      minmay_arrival_pointy, layout_basic
D:2:      layout_basic, serial_shops, shop, minmay_tiny_reverse_x
D:3:      minmay_octagon_keep, layout_loops_cross, nicolae_wu_jian_wuxing_cycle,
          mainiacjoe_overflow_small_starburst, ebering_ghost_sewer_d
D:4:      layout_loops_ring, fedhas_altar_4, ebering_ghost_sewer_f
D:5:      layout_basic, overflow_temple_1_default, kennysheep_nondescript
D:6:      layout_cave_pods, nicolae_ossuary_entry_giza,
          dilly_guarded_unrand_throatcut
D:7:      layout_basic, kennysheep_mini, kiku_gazebo_pond_becter,
          minmay_temple_entry_glass, grunt_decor_clamped, nicolae_stop_n_shop_2,
          minmay_lizard_king, uniq_pikel, uniq_prince_ribbit1, uniq_menkaure
D:8:      layout_loops_ring, dpeg_lair_monsters
Temple:   hellmonk_temple_flake

Skill      XL: |  1  2  3  4  5  6  7  8  9 10 |
---------------+-------------------------------+-----
Unarmed Combat | 1 2 3 4 5 7 9 11 12 | 12.6
Stealth        | 2 3 5 |  5.0
Dodging        | 3 4 |  4.6
Spellcasting   | 1 |  1.0
Translocations | 1 2 3 |  3.0
Evocations     | 4 5 |  5.0
Throwing       | 1 2 3 |  3.7
Fighting       | 2 3 |  3.1

Action                     |  1- 3 |  4- 6 |  7- 9 | 10-12 || total
---------------------------+-------+-------+-------+-------++-------
  Melee: Unarmed           |   126 |    72 |   297 |   100 ||   595
         Tentacles         |    23 |    15 |    64 |    19 ||   121
         Constrict         |    24 |    18 |    61 |    16 ||   119
         Punch             |     5 |     1 |    20 |    10 ||    36
  Throw: Boomerang         |       |     4 |    12 |       ||    16
         Dart              |       |       |    15 |    16 ||    31
   Cast: Blink             |       |       |     4 |     4 ||     8
  Evoke: Sack of spiders   |       |     2 |       |       ||     2
         Wand              |       |       |    19 |     9 ||    28
    Use: Scroll            |       |     7 |     2 |       ||     9
         Potion            |       |       |     4 |     1 ||     5
   Stab: Sleeping          |    12 |     5 |     4 |     3 ||    24
         Distracted        |       |       |       |     1 ||     1
 Armour: Skin              |    51 |    40 |   152 |    39 ||   282
  Dodge: Dodged            |    65 |    37 |   117 |    40 ||   259
